 Dungeon Crawl Stone Soup version 0.25-a0-516-g7d600cd9ad (webtiles) character file.

Game seed: 18187529630821163418, levelgen mode: deterministic

4854 Emblim88 the Thrower (level 10, 0/98 HPs)
             Began as a Troll Monk on Feb 17, 2020.
             Was an Elder of Okawaru.
             Succumbed to a hornet's poison
             ... on level 7 of the Dungeon.
             The game lasted 00:23:17 (5639 turns).

Emblim88 the Thrower (Troll Monk)                   Turns: 5639, Time: 00:23:18

Health: 0/98       AC:  7    Str: 26    XL:     10   Next: 25%
Magic:  10/10      EV: 10    Int:  2    God:    Okawaru [****..]
Gold:   652        SH: 10    Dex: 14    Spells: 9/9 levels left

rFire    . . .     SeeInvis +     - Unarmed
rCold    + + .     Gourm    +   e - +0 kite shield
rNeg     . . .     Faith    .   h - +1 robe "Golim" {rElec rC++ Int-5 SInv}
rPois    .         Spirit   .   (helmet restricted)
rElec    +         Reflect  .   (no cloak)
rCorr    .         Harm     .   (gloves unavailable)
MR       .....                  (boots unavailable)
Stlth    ++........             (no amulet)
HPRegen  0.66/turn              (no ring)
MPRegen  0.12/turn              (no ring)

@: mighty, lethally poisoned (0 -> -1), berserk cooldown, slowed, studying
Dodging, invisible, very slow
A: large, unfitting armour, claws 3, fast metabolism 3, gourmand, regeneration
1, shaggy fur 1, tough skin 3
a: Heroism, Renounce Religion


You were on level 7 of the Dungeon.
You worshipped Okawaru.
Okawaru was greatly pleased with you.
You were not hungry.

You visited 2 branches of the dungeon, and saw 8 of its levels.
You also visited: Ossuary.

You collected 652 gold pieces.

Inventory:

Hand Weapons
 C - a +2 dagger of electrocution
 H - the +1 hunting sling "Maril" {vorpal, Int+4}
   (You found it on level 6 of the Dungeon)

   Any stone fired from it inflicts extra damage.
   It affects your intelligence (+4).
Missiles
 m - 124 stones
 n - a boomerang (quivered)
 A - 46 poisoned darts
 D - 8 javelins
 I - 4 large rocks
Armour
 a - a +0 robe
 e - a +0 kite shield (worn)
 h - the +1 robe "Golim" (worn) {rElec rC++ Int-5 SInv}
   (You found it on level 6 of the Dungeon)

   It affects your intelligence (-5).
   It greatly protects you from cold.
   It insulates you from electricity.
   It lets you see invisible.
   If you remove this armour, your AC will decrease by 3 (7 -> 4).
Magical Staves
 s - an uncursed staff of poison {unknown}
Jewellery
 J - an uncursed ring of magical power {unknown}
Wands
 x - a wand of flame (2)
 G - a wand of polymorph (9)
Scrolls
 d - 4 scrolls of amnesia
 g - 3 scrolls of magic mapping
 i - a scroll of fog
 l - 2 scrolls of remove curse
 o - 3 scrolls of enchant armour
 p - 4 scrolls of immolation
 r - 4 scrolls of teleportation
 v - 2 scrolls of random uselessness
 y - 2 scrolls of fear
Potions
 c - 4 potions of haste
 f - 2 potions of magic {unknown}
 j - 4 potions of might
 q - 2 potions of berserk rage
 t - 2 potions of flight {unknown}
 u - 3 potions of curing
 w - a potion of cancellation {unknown}
 z - a potion of lignification {unknown}
 B - a potion of agility {unknown}
 E - a potion of ambrosia {unknown}
 F - 2 potions of heal wounds {unknown}
Books
 K - a manual of Dodging
Miscellaneous
 L - a lightning rod (4/4)
Comestibles
 b - 14 rations


   Skills:
 + Level 6.1 Fighting
 * Level 8.6 Throwing
 + Level 3.2 Dodging
 - Level 1.0 Stealth
 + Level 5.3 Shields
 + Level 7.3 Unarmed Combat
 * Level 1.9 Invocations


You had 9 spell levels left.
You didn't know any spells.
Your spell library was empty.

Dungeon Overview and Level Annotations

Branches:
Dungeon (7/15)             Temple (1/1) D:6         Ossuary (visited)

Altars:
Ashenzari
Dithmenos
Elyvilon
Fedhas
Gozag
Hepliaklqana
Kikubaaqudgha
Makhleb
Okawaru
Qazlal
Sif Muna
Trog
Uskayaw
Vehumet
Xom
Yredelemnul
Zin
The Shining One

Shops:
D:7 [

Annotations:
D:7 2 runed translucent doors


Innate Abilities, Weirdness & Mutations

You are too large for most types of armour.
You have claws for hands.
Your metabolism is lightning-fast.
You like to eat raw meat.
Your natural rate of healing is unusually fast.
You are covered in fur. (AC +1)
You have extremely tough skin. (AC +3)


Message History

You miss the hornet.
The hornet is almost dead.
You feel sick. The hornet stings you!
* * * LOW HITPOINT WARNING * * *
You are more poisoned.
You feel as though you will be slow longer.
You block the hornet's attack.
You barely miss the hornet.
The hornet is almost dead.
You feel sick. You block the hornet's attack. The hornet stings you!
* * * LOW HITPOINT WARNING * * *
You are lethally poisoned!
You feel as though you will be slow longer.
You feel better. The hornet stings you!
* * * LOW HITPOINT WARNING * * *
You are lethally poisoned!
You feel as though you will be slow longer.
You block the hornet's attack. The hornet closely misses you.
You fade into invisibility!
You die...

######## #......###
#..###...###### ####
#.#.####....(.####..#####
#.##.#####...........##.##
#####.##+#######.........#...#
#.#...##....#######..........#
##.....##.(.Wy@...###......)#.#
#......##....#####..##.........
#......##+#######รท#..###...#...
###..#.##.######..###.8###.....
####.#.#####..#.# #...8###...
###..# ###..###.# #8....8###.
#....###..###[#.# #..โ‰ˆ....8##
#....#..###[....# #8.._โ‰ˆ.....
#....###..###(#.# #..โ‰ˆ....8##


You could see a phantom and a hornet.

Vanquished Creatures
  An unseen horror (D:7)
  Pikel (D:6)
  An ugly thing (D:7)
  A troll (D:7)
  A slime creature (D:7)
  2 hippogriffs (D:7)
  Sigmund (D:5)
  2 wraiths (D:7)
  An orc warrior (D:7)
  3 slaves (D:6)
  A phantom (D:6)
  6 ogres
  A necrophage (D:6)
  2 centaurs (D:6)
  2 bullfrogs (D:7)
  2 scorpions (D:5)
  5 howler monkeys
  A jelly (D:7)
  2 bullfrog zombies
  2 hounds
  2 orc priests (D:5)
  An orc wizard (D:5)
  2 bullfrog skeletons
  An iguana (D:7)
  12 worker ants
  2 big kobold zombies (Ossuary)
  8 mummies (Ossuary)
  2 worker ant zombies
  10 adders
  2 oozes
  An adder zombie (D:5)
  A worm (D:2)
  3 dart slugs
  5 leopard geckos
  5 orcs
  11 bats
  3 giant cockroaches
  8 goblins
  5 hobgoblins
  10 jackals
  A quokka (D:7)
  A ball python (D:3)
  8 frilled lizards
  A hobgoblin zombie (Ossuary)
  A jackal skeleton (D:5)
  4 kobolds
  2 kobold zombies (Ossuary)
  3 orc zombies (Ossuary)
  A quokka zombie (D:5)
  8 rats
162 creatures vanquished.

Notes
Turn   | Place    | Note
-------+----------+-------------------------------------------
     0 | D:1      | Emblim88 the Troll Monk began the quest for the Orb.
     0 | D:1      | Reached XP level 1. HP: 22/22 MP: 0/0
   180 | D:1      | Reached skill level 1 in Throwing
   180 | D:1      | Reached XP level 2. HP: 29/29 MP: 1/1
   486 | D:1      | Reached XP level 3. HP: 36/36 MP: 2/2
  1085 | D:2      | Reached skill level 2 in Throwing
  1265 | D:2      | Found a radiant altar of Vehumet.
  1267 | D:2      | Found a stormy altar of Qazlal.
  1267 | D:2      | Found a shimmering altar of Xom.
  1269 | D:2      | Found a stormy altar of Qazlal.
  1269 | D:2      | Found a blossoming altar of Fedhas.
  1269 | D:2      | Found a burning altar of Makhleb.
  1450 | D:3      | Reached XP level 4. HP: 42/44 MP: 3/3
  1580 | D:3      | Reached skill level 1 in Shields
  1993 | D:4      | Reached XP level 5. HP: 51/53 MP: 4/4
  2003 | D:4      | Reached skill level 3 in Throwing
  2159 | D:4      | Reached XP level 6. HP: 27/61 MP: 5/5
  2308 | D:4      | Found a sand-covered staircase.
  2312 | Ossuary  | Entered an ossuary
  2509 | Ossuary  | Reached skill level 4 in Throwing
  2738 | D:4      | Reached XP level 7. HP: 54/68 MP: 6/6
  2854 | D:5      | Entered Level 5 of the Dungeon
  2854 | D:5      | Noticed Sigmund
  2869 | D:5      | Killed Sigmund
  2989 | D:5      | Reached skill level 5 in Throwing
  3040 | D:5      | Found Tihaeg's Antique Armour Emporium.
  3089 | D:5      | Reached skill level 5 in Unarmed Combat
  3167 | D:5      | Reached XP level 8. HP: 78/78 MP: 7/7
  3692 | D:6      | Got a twisted robe
  3703 | D:6      | Identified the +1 robe "Golim" {rElec rC++ Int-5 SInv} (You
                  | found it on level 6 of the Dungeon)
  3872 | D:6      | Found a staircase to the Ecumenical Temple.
  3899 | Temple   | Entered the Ecumenical Temple
  4042 | Temple   | Became a worshipper of Warmaster Okawaru
  4042 | Temple   | Reached * piety under Okawaru
  4042 | Temple   | Reached ** piety under Okawaru
  4098 | D:6      | Found a radiant altar of Vehumet.
  4257 | D:6      | Reached skill level 6 in Throwing
  4352 | D:6      | Got a transparent hunting sling
  4747 | D:6      | Identified the cursed +1 hunting sling "Maril" {vorpal,
                  | Int+4} (You found it on level 6 of the Dungeon)
  4757 | D:7      | Found Geshoeqo's Armour Boutique.
  4768 | D:7      | Noticed Pikel
  4784 | D:7      | Noticed a hippogriff
  4957 | D:6      | Killed Pikel
  4957 | D:6      | Reached *** piety under Okawaru
  4957 | D:6      | Reached skill level 5 in Fighting
  4957 | D:6      | Reached skill level 7 in Throwing
  4957 | D:6      | Reached XP level 9. HP: 71/88 MP: 8/8
  5098 | D:7      | Found a runed translucent door.
  5098 | D:7      | Found a runed translucent door.
  5098 | D:7      | Noticed an unseen horror
  5099 | D:7      | Found a runed translucent door.
  5305 | D:7      | Found a burning altar of Makhleb.
  5321 | D:7      | Noticed a troll
  5324 | D:7      | Noticed a cyan ugly thing
  5343 | D:7      | Killed a cyan ugly thing
  5343 | D:7      | Reached **** piety under Okawaru
  5346 | D:7      | Killed a troll
  5346 | D:7      | Reached skill level 8 in Throwing
  5349 | D:7      | Reached skill level 5 in Shields
  5375 | D:7      | Received a gift from Okawaru
  5606 | D:7      | Reached XP level 10. HP: 98/98 MP: 9/9
  5614 | D:7      | Reached skill level 1 in Invocations
  5616 | D:7      | Killed an unseen horror
  5634 | D:7      | Paralysed by a hornet for 2 turns
  5638 | D:7      | HP: 1/98 [hornet (17)]
  5639 | D:7      | Succumbed to a hornet's poison

Levels and vault maps discovered:
D:1:      roderic_octagonal_star, layout_basic
D:2:      layout_rooms, doesnt_xom_only_xom, uniq_crazy_yiuf_cottage
D:3:      layout_loops_cross
D:4:      wander_river, layout_basic, enter_ossuary_5, st_stairs_9
D:5:      layout_loops_ring, first_ration, serial_shops, shop, minmay_between,
          uniq_sigmund
D:6:      layout_cave_pods, fiery_altar_vehumet, temple_green
D:7:      minmay_the_grid_triangle_9x9_recursive_2
          [minmay_the_grid_triangle_9x9_prize_top_heavy,
          minmay_the_grid_triangle_9x9_fully_insulated_deathbox,
          minmay_the_grid_triangle_9x9_odd_lines,
          minmay_the_grid_triangle_9x9_shrine], layout_cave_pools, serial_shops,
          shop, uniq_pikel
Temple:   regret_index_temple_sphere_string

Skill      XL: |  1  2  3  4  5  6  7  8  9 10 |
---------------+-------------------------------+-----
Throwing       | 1 2 3 4 5 7 8 |  8.6
Shields        | 1 2 3 4 5 |  5.3
Fighting       | 3 4 5 6 |  6.1
Unarmed Combat | 4 5 6 7 |  7.3
Invocations    | 1 |  1.9
Dodging        | 3 |  3.2
Stealth        | |  1.0

Action                   |  1- 3 |  4- 6 |  7- 9 | 10-12 || total
-------------------------+-------+-------+-------+-------++-------
Melee: Unarmed           |   129 |   138 |   219 |    29 ||   515
 Fire: Hunting sling     |       |       |     5 |       ||     5
Throw: Stone             |     1 |       |    40 |       ||    41
       Boomerang         |     8 |    73 |    65 |       ||   146
       Javelin           |       |       |     2 |       ||     2
Invok: Heroism           |       |       |     1 |       ||     1
  Use: Scroll            |       |     3 |     8 |       ||    11
       Potion            |       |       |     4 |     3 ||     7
 Stab: Sleeping          |     3 |     1 |     1 |       ||     5
  Eat: Chunk             |    19 |     9 |    25 |       ||    53
Armor: Robe              |    63 |    36 |    36 |     4 ||   139
Dodge: Dodged            |    36 |    41 |    57 |    10 ||   144
Block: Kite shield       |    47 |    43 |    63 |    15 ||   168

Table legend:
 A = Non-vault XP
 B = Vault XP
 C = Vault XP percentage of total XP
 D = Non-vault monster count
 E = Vault monster count
 F = Vault count percentage of total count
                 A         B        C        D         E       F
            +---------+---------+-------+---------+---------+-------
      Total |    2782 |    4153 |  59.9 |     123 |      36 |  22.6
            +---------+---------+-------+---------+---------+-------
        D:1 |      44 |       0 |   0.0 |      25 |       0 |   0.0
        D:2 |      51 |       0 |   0.0 |      22 |       0 |   0.0
        D:3 |      82 |       0 |   0.0 |      15 |       0 |   0.0
        D:4 |     417 |       0 |   0.0 |      15 |       0 |   0.0
        D:5 |     491 |     238 |  32.6 |      18 |       3 |  14.3
        D:6 |    1022 |     629 |  38.1 |      18 |       1 |   5.3
        D:7 |     675 |    3082 |  82.0 |      10 |      16 |  61.5
    Ossuary |       0 |     204 | 100.0 |       0 |      16 | 100.0
            +---------+---------+-------+---------+---------+-------
